Map: Oxide LE

Players

Throwfordays - Winner!

  • Race: Terran Terran
  • League: Gold

bigdeez

  • Race: Terran Terran

VOD

Have the link to the VOD?

Description

Time

  • Played on: Aug. 27, 2021, 5:20 p.m.
  • Length: 4:37
Show
View Real Time Build Order
Export as new Build Order

Throwfordays Terran - Winner!

Build Orders:  

Get SALT Encoding   

  12  0:00  SCV  
  13  0:12  SCV  
  14  0:18  Supply Depot  
  14  0:24  SCV  
  15  0:29  Refinery  
  15  0:41  Barracks  
  15  0:46  SCV  
  16  0:56  Supply Depot  
  16  1:02  SCV  
  17  1:14  SCV  
  18  1:21  Barracks  
  18  1:26  SCV  
  18  1:28  Reaper  
  20  1:38  SCV  
  21  1:43  Refinery  
  21  1:50  SCV  
  22  1:57  Barracks  
  22  2:00  Reaper  
  23  2:07  SCV  
  24  2:10  Supply Depot  
  24  2:11  Reaper  
  25  2:24  SCV  
  26  2:32  Reaper  
  26  2:36  SCV  
  28  2:43  Reaper  
  29  2:56  Reaper  
  30  3:04  Reaper  
  30  3:05  SCV, Engineering Bay  
  31  3:36  Reaper x2  
  33  3:42  Reaper  
  34  3:53  Command Center  
Show
View Real Time Build Order
Export as new Build Order

bigdeez Terran 

Build Orders:  

Get SALT Encoding   

  12  0:00  SCV  
  13  0:12  SCV  
  14  0:19  Supply Depot  
  14  0:24  SCV  
  15  0:41  SCV  
  16  0:44  Barracks  
  16  0:47  Refinery  
  16  0:53  SCV  
  17  1:05  SCV  
  18  1:17  SCV  
  19  1:25  Refinery  
  19  1:31  Supply Depot  
  19  1:33  Marine  
  20  1:43  SCV  
  21  1:51  Marine  
  22  1:55  SCV, Factory  
  23  2:09  SCV  
  23  2:15  Barracks Tech Lab  
  24  2:21  SCV  
  25  2:33  Marine  
  26  2:41  Supply Depot  
  26  2:51  Marine  
  27  3:07  Starport  
  27  3:09  Marine, Hellion  
  26  3:27  Marine  
  25  3:45  SCV, Marauder  
  26  3:57  SCV  
  26  4:01  Widow Mine  
  25  4:06  Marine  
  25  4:09  SCV  
Tags
 
League
Gold
Matchup
TvT
Race
Terran
Replay Pack
Multiplayer
Add a new tag
Caveats
  • Supply blocks, unpowered buildings, or Contaminate may cause inaccurate times.
  • Supply counts are checked every 10 seconds.